Map: [ESL] Hecate

Players

Bunny - Winner!

  • Race: Terran Terran
  • Spawn Location: 1:00

Stats

  • Race: Protoss Protoss
  • Spawn Location: 7:00

Event: IEM Katowice 2024

VOD

Have the link to the VOD?

Description

Time

  • Played on: Feb. 9, 2024, 6:09 a.m.
  • Length: 10:59

All games in this series

Show
View Real Time Build Order
Export as new Build Order

Bunny Terran - Winner!

Build Orders:  

Get SALT Encoding   

  12  0:00  SCV  
  13  0:12  SCV  
  14  0:17  Supply Depot  
  14  0:25  SCV  
  15  0:38  SCV  
  15  0:40  Barracks  
  16  0:42  Refinery  
  16  0:50  SCV  
  17  1:03  SCV  
  18  1:15  SCV  
  19  1:27  Orbital Command  
  20  1:36  Command Center  
  19  1:40  Marine  
  20  1:51  Factory  
  20  1:54  SCV  
  21  2:01  Barracks Reactor  
  21  2:04  Supply Depot  
  21  2:08  SCV  
  22  2:12  Refinery  
  22  2:20  SCV  
  23  2:32  SCV  
  23  2:35  Hellion  
  26  2:37  Starport  
  26  2:38  Marine x2  
  28  2:44  SCV  
  28  2:49  Orbital Command  
  29  2:56  SCV  
  29  2:57  Widow Mine  
  32  3:00  Marine  
  32  3:02  Marine  
  34  3:09  SCV  
  34  3:16  SCV  
  34  3:18  Marine  
  34  3:20  Marine  
  34  3:21  Widow Mine, SCV  
  34  3:26  Medivac  
  39  3:28  SCV  
  39  3:33  SCV  
  41  3:34  Supply Depot  
  41  3:36  Marine  
  41  3:38  Marine  
  41  3:40  SCV  
  44  3:42  Factory Tech Lab  
  44  3:45  SCV  
  45  3:52  SCV  
  46  3:56  Barracks, Marine x2  
  46  3:58  SCV  
  46  4:00  Barracks  
  49  4:04  Supply Depot  
  49  4:05  SCV  
  48  4:10  Starport Tech Lab, SCV  
  48  4:14  Marine x2  
  51  4:17  Engineering Bay  
  51  4:19  SCV  
  51  4:22  SCV  
  51  4:24  Factory Reactor  
  53  4:29  Supply Depot  
  54  4:31  SCV  
  54  4:33  Marine x2  
  54  4:34  SCV  
  57  4:40  Refinery  
  57  4:43  SCV  
  57  4:45  Terran Infantry Weapons Level 1  
  58  4:49  SCV  
  58  4:50  Starport Reactor  
  58  4:52  Supply Depot  
  59  4:53  Stimpack  
  59  4:54  Marine x3  
  59  4:55  SCV  
  59  4:58  Combat Shield, Marine  
  64  5:01  SCV  
  64  5:03  Supply Depot  
  64  5:06  Widow Mine x2  
  69  5:08  SCV  
  69  5:13  Marauder  
  69  5:14  Marine  
  72  5:15  Marine  
  72  5:16  Marauder  
  76  5:24  SCV, Supply Depot x2, Refinery  
  76  5:30  Medivac x2  
  76  5:35  Supply Depot, Marauder  
  81  5:36  Marine  
  81  5:42  SCV x2  
  82  5:44  Widow Mine x2  
  86  5:50  Supply Depot  
  86  5:52  Marauder  
  86  5:54  Marine x2  
  86  5:56  Marauder  
  92  6:01  Medivac, Supply Depot  
  93  6:04  Medivac  
  93  6:10  Widow Mine, Supply Depot  
  93  6:12  Marine  
  93  6:16  Widow Mine  
  96  6:21  Concussive Shells, Marauder x2  
  96  6:23  Marine  
  101  6:31  Medivac  
  103  6:35  Command Center  
  103  6:38  Marine  
  104  6:41  Terran Infantry Armor Level 1  
  104  6:47  SCV x2  
  104  6:52  Barracks  
  104  6:53  Barracks  
  104  6:54  Marauder x2  
  110  6:56  Marine x2  
  110  6:58  Medivac  
  114  7:01  Medivac  
  116  7:11  SCV  
  116  7:14  Marine x2  
  116  7:15  Marauder x2  
  120  7:28  Widow Mine x2  
  119  7:32  Marine x2  
  119  7:37  Marauder x2  
  122  7:40  Barracks Tech Lab  
  122  7:41  Barracks Reactor  
  120  7:45  SCV x2  
  120  7:47  Orbital Command  
  120  7:53  Marine x2  
  120  7:56  Widow Mine x2  
  120  7:58  Viking, Marauder x2  
  126  7:59  Viking  
  126  8:04  SCV x2  
  129  8:10  Marauder  
  129  8:12  Marine x2  
  130  8:15  SCV  
  130  8:16  SCV x2  
  130  8:17  Marine  
  130  8:18  Marine  
  130  8:19  Marauder  
  136  8:20  Marauder  
  138  8:28  Armory  
  138  8:32  Marauder  
  140  8:37  Marine x2  
  140  8:41  Viking, Marauder  
  146  8:42  Marauder  
  146  8:52  Marine x2  
  146  8:53  Marauder  
  146  8:55  Marine  
  139  8:57  Widow Mine x2  
  139  9:02  Marauder, Marine  
  126  9:03  Marauder  
  126  9:04  Viking  
  126  9:08  Ghost Academy  
  126  9:09  Refinery  
  121  9:10  Marine x2, Refinery  
  121  9:11  Viking, SCV x3  
  121  9:13  Marine  
  121  9:14  Marauder  
  129  9:22  Widow Mine  
  129  9:23  SCV x3, Widow Mine  
  136  9:27  Missile Turret  
  136  9:36  Marine  
  136  9:37  Marine x3  
  140  9:39  Ghost x3  
  140  9:45  Widow Mine x2  
  143  9:54  Marine x2  
  142  10:00  Marine x2  
  142  10:01  Orbital Command  
  142  10:06  Widow Mine x2  
  143  10:07  Viking x2  
  143  10:08  Marine  
  145  10:16  SCV x2  
  145  10:19  Marauder  
  149  10:32  Marauder, Marine x2  
  153  10:39  Missile Turret  
  153  10:41  Command Center  
Show
View Real Time Build Order
Export as new Build Order

Stats Protoss 

Build Orders: 1 Gate Expand, Phoenix Opening, Colossus Rush 

Get SALT Encoding   

  12  0:00  Probe  
  13  0:12  Probe  
  14  0:18  Pylon  
  14  0:24  Probe (Chrono Boost)  
  15  0:36  Probe (Chrono Boost)  
  15  0:37  Gateway  
  16  0:45  Probe (Chrono Boost)  
  16  0:46  Assimilator  
  17  0:51  Probe  
  18  1:03  Probe  
  19  1:15  Probe  
  20  1:24  Cybernetics Core  
  20  1:31  Nexus  
  20  1:34  Probe  
  21  1:40  Pylon  
  21  1:45  Assimilator  
  21  1:50  Probe  
  22  1:58  Adept (Chrono Boost)  
  24  2:02  Probe  
  25  2:14  Probe  
  26  2:18  Adept (Chrono Boost)  
  28  2:26  Probe  
  28  2:28  Stargate  
  29  2:38  Warp Gate  
  29  2:41  Probe (Chrono Boost)  
  29  2:42  Adept  
  29  2:43  Probe (Chrono Boost)  
  34  2:53  Probe (Chrono Boost)  
  34  2:54  Probe (Chrono Boost)  
  35  2:59  Shield Battery  
  35  3:02  Probe x2  
  37  3:12  Phoenix (Chrono Boost)  
  39  3:14  Probe  
  39  3:19  Probe  
  39  3:25  Pylon  
  39  3:26  Probe  
  40  3:31  Probe  
  40  3:34  Phoenix (Chrono Boost)  
  43  3:35  Gateway  
  43  3:38  Robotics Facility, Probe  
  44  3:43  Probe  
  44  3:45  Assimilator  
  44  3:48  Assimilator  
  45  3:51  Probe  
  46  3:55  Probe  
  46  3:56  Phoenix (Chrono Boost)  
  46  4:02  Pylon  
  49  4:06  Probe  
  49  4:08  Probe  
  51  4:18  Phoenix (Chrono Boost), Probe  
  51  4:20  Probe  
  55  4:24  Pylon  
  55  4:27  Observer (Chrono Boost)  
  55  4:28  Pylon  
  55  4:30  Probe  
  57  4:32  Probe  
  58  4:39  Robotics Bay  
  58  4:42  Immortal (Chrono Boost)  
  62  4:54  Phoenix  
  62  4:58  Nexus  
  64  5:00  Pylon  
  64  5:07  Probe x2  
  66  5:17  Observer  
  66  5:19  Probe x2, Phoenix  
  70  5:23  Colossus (Chrono Boost)  
  76  5:33  Probe  
  76  5:34  Probe  
  78  5:45  Extended Thermal Lance  
  78  5:46  Probe x2  
  78  5:47  Pylon x2, Phoenix  
  82  5:50  Forge  
  82  5:53  Shield Battery  
  82  6:04  Probe x2  
  82  6:10  Colossus (Chrono Boost)  
  90  6:15  Phoenix  
  90  6:18  Zealot x2  
  96  6:20  Probe x3  
  96  6:22  Twilight Council  
  99  6:31  Protoss Ground Weapons Level 1, Pylon  
  98  6:35  Photon Cannon x2  
  98  6:39  Zealot  
  100  6:40  Zealot  
  100  6:46  Probe x3  
  105  6:50  Observer (Chrono Boost)  
  105  6:51  Gateway  
  106  6:56  Photon Cannon, Pylon  
  106  6:57  Pylon  
  106  7:01  Sentry, Zealot, Charge  
  110  7:07  Gateway  
  110  7:09  Pylon  
  110  7:12  Observer  
  111  7:18  Probe x3  
  111  7:26  Zealot x2  
  111  7:27  Gateway  
  111  7:29  Gateway  
  115  7:31  Gateway  
  110  7:44  Gateway  
  110  7:46  Gateway  
  110  7:47  Gateway, Pylon  
  110  7:48  Zealot x3, Pylon  
  116  7:54  Probe x3  
  116  8:06  Probe  
  115  8:16  Zealot x3  
  115  8:18  Warp Prism (Chrono Boost), Pylon  
  115  8:19  Templar Archives  
  121  8:22  Assimilator  
  121  8:23  Assimilator, Probe x3  
  121  8:24  Pylon  
  126  8:31  Protoss Ground Weapons Level 2 (Chrono Boost)  
  126  8:32  Zealot x3  
  132  8:35  Pylon  
  132  8:47  Zealot x5  
  130  8:53  Phoenix  
  101  9:02  Probe  
  101  9:03  Probe x2  
  101  9:08  High Templar x4  
  105  9:14  Zealot x4  
  113  9:18  Archon  
  113  9:19  Archon  
  113  9:22  Zealot  
  115  9:38  Zealot x4  
  123  9:41  High Templar x2, Zealot  
  123  9:42  Zealot  
  123  9:44  Zealot  
  123  9:45  Archon  
  119  10:01  Zealot x4  
  119  10:09  Zealot x3  
  123  10:15  Nexus  
  123  10:19  Pylon  
  123  10:22  High Templar x3  
  123  10:23  High Templar  
  123  10:27  Archon x2  
  131  10:29  High Templar x2  
  131  10:30  Zealot x3  
  131  10:33  Archon  
  141  10:36  Cybernetics Core  

Tags
 
Add a new tag
Caveats
  • Supply blocks, unpowered buildings, or Contaminate may cause inaccurate times.
  • Supply counts are checked every 10 seconds.